 Dungeon Crawl Stone Soup version 0.18.1-1-g2f07953 (webtiles) character file.

2 SkaryMonk the Magician (level 1, -1/13 HPs)
             Began as a Human Wanderer on May 6, 2016.
             Slain by a hobgoblin (3 damage)
             ... on level 1 of the Dungeon.
             The game lasted 00:00:26 (39 turns).

SkaryMonk the Magician (Human Wanderer)               Turns: 39, Time: 00:00:27

Health: -1/13      AC:  2    Str: 11    XL:     1   Next: 44%
Magic:  5/5        EV: 11    Int: 13    God:
Gold:   0          SH:  0    Dex: 12    Spells: 0 memorised, 8 levels left

rFire  . . .     SeeInvis .     c - +0 blowgun
rCold  . . .     Gourm    .     d - +0 robe
rNeg   . . .     Faith    .     (no shield)
rPois  .         Spirit   .     (no helmet)
rElec  .         Dismiss  .     (no cloak)
rCorr  .         Reflect  .     (no gloves)
SustAt .         Harm     .     (no boots)
MR     .....                    (no amulet)
Stlth  ++........               (no ring)
                                (no ring)

@: not resistant to hostile enchantments, unstealthy
A: no striking features
a: no special abilities


You were on level 1 of the Dungeon.
You were not hungry.

You visited 1 branch of the dungeon, and saw 1 of its levels.

Notes
Turn   | Place    | Note
--------------------------------------------------------------
     0 | D:1      | SkaryMonk the Human Wanderer began the quest for the Orb.
     0 | D:1      | SkaryMonk set off with: a book of Minor Magic, 13 poisoned needles, a +0 blowgun, a +0 robe, a bread ration
     0 | D:1      | Reached XP level 1. HP: 13/13 MP: 5/5
    39 | D:1      | Slain by a hobgoblin

Inventory:

Hand Weapons
 c - a +0 blowgun (weapon)
Missiles
 b - 2 poisoned needles (quivered)
Armour
 d - a +0 robe (worn)
Books
 a - a book of Minor Magic

   Spells                             Type                      Level
   a - Magic Dart                     Conjuration                  1
   b - Blink                          Translocation                2
   c - Call Imp                       Summoning                    2
   d - Repel Missiles                 Charms/Air                   2
   e - Slow                           Hexes                        2
   f - Conjure Flame                  Conjuration/Fire             3
   g - Mephitic Cloud                 Conjuration/Poison/Air       3
Comestibles
 f - a bread ration

Table legend:
 A = Turns spent in this place as a percentage of turns spent in the entire game.
 B = Non-inter-level travel turns spent in this place as a percentage of non-inter-level travel turns spent in the entire game.
 C = Inter-level travel turns spent in this place as a percentage of turns spent in this place.
 D = Turns resting spent in this place as a percentage of non-inter-level travel turns spent in this place.
 E = Turns spent auto-exploring this place as a percentage of non-inter-level travel turns spent in this place.
 F = Non-inter-level travel turns spent in this place divided by the number of levels of this place that you've seen.
                   A       B       C       D       E      F
               +-------+-------+-------+-------+-------+----------------------
         Total | 100.0 | 100.0 |   0.0 |   0.0 |   7.4 |  27.0
       Dungeon | 100.0 | 100.0 |   0.0 |   0.0 |   7.4 |  27.0
               +-------+-------+-------+-------+-------+----------------------


   Skills:
 + Level 1.1 Throwing
 + Level 1.1 Stealth
 + Level 4.0 Spellcasting
   Level 2.0 Hexes
   Level 1.0 Translocations
   Level 1.0 Air Magic


You had 8 spell levels left.
You didn't know any spells.

Dungeon Overview and Level Annotations

Branches:
Dungeon (1/15)

Altars:


Message History

Firing (i - inventory):
b - 5 poisoned needles (quivered)
Press: ? - help, Shift-Dir - straight line, f/p - hobgoblin
Aim: a hobgoblin (almost dead)
You shoot a poisoned needle.
The poisoned needle closely misses the hobgoblin.
The hobgoblin barely misses you.
Firing (i - inventory):
b - 4 poisoned needles (quivered)
Press: ? - help, Shift-Dir - straight line, f/p - hobgoblin
Aim: a hobgoblin (almost dead)
You shoot a poisoned needle. The poisoned needle hits the hobgoblin.
The hobgoblin is almost dead.
The hobgoblin hits you.
* * * LOW HITPOINT WARNING * * *
Firing (i - inventory):
b - 3 poisoned needles (quivered)
Press: ? - help, Shift-Dir - straight line, f/p - hobgoblin
Aim: a hobgoblin (almost dead)
You shoot a poisoned needle.
The poisoned needle barely misses the hobgoblin.
The hobgoblin hits you.
You die...

..# ♣♣ ..## ♣.♣♣♣♣♣♣♣♣♣♣ ....
♣♣....♣..♣.♣ ....
.♣♣♣..<.....♣.♣### (...
♣.......♣.♣@g.(.(# ....
..♣....♣..♣♣.♣♣♣#.#####+#.!..
♣.♣♣♣♣♣♣♣♣♣♣ #...(........ ♣
#............ #..........##
#.......#..# #.......#..#
#.......+.># #.......####


You could see a hobgoblin.

Table legend:
 A = Kills in this place as a percentage of kills in entire the game.
 B = Kills by you in this place as a percentage of kills by you in the entire game.
 C = Kills by friends in this place as a percentage of kills by friends in the entire game.
 D = Other kills in this place as a percentage of other kills in the entire game.
 E = Experience gained in this place as a percentage of experience gained in the entire game.
 F = Experience gained in this place divided by the number of levels of this place that you have seen.
                   A       B       C       D       E      F
               +-------+-------+-------+-------+-------+----------------------
         Total | 100.0 | 100.0 |  -nan |  -nan | 100.0 |   4.0
       Dungeon | 100.0 | 100.0 |  -nan |  -nan | 100.0 |   4.0
               +-------+-------+-------+-------+-------+----------------------

Vanquished Creatures
  A dart slug (D:1)
1 creature vanquished.

Action                   || total
-------------------------++-------
 Fire: Blowgun           ||    11
Dodge: Dodged            ||     2

Vault maps used:
D:1:      roderic_dead_forest, minivault_19, minmay_rat_gold_closets
